[Event "SVK Extraliga 2019-20"]
[Site "Slovakia"]
[Date "2019.11.23"]
[Round "3.1"]
[White "Petenyi, Tamas"]
[Black "Cernousek, Lukas"]
[Result "1/2-1/2"]
[ECO "A36"]
[WhiteElo "2427"]
[BlackElo "2461"]
[Annotator "ChessBase"]
[PlyCount "61"]
[EventDate "2019.10.19"]
[EventType "team-tourn"]
[EventCountry "SVK"]
[SourceTitle "playchess.com"]
[Source "ChessBase"]
[SourceQuality "1"]
[WhiteTeam "Streda"]
[BlackTeam "Dubnica"]
[TimeControl "40/5400+30:1800+30"]

1. c4 c5 2. g3 g6 3. Bg2 Bg7 4. Nc3 Nc6 5. e3 e6 6. Nge2 Nge7 7. O-O O-O 8. d4 cxd4 9. exd4 d5 10. cxd5 Nxd5 11. Qb3 Na5 12. Qa3 Nc4 13. Qb3 Na5 14. Qa3 Nxc3 15. Nxc3 Nc6 16. Bxc6 bxc6 17. Be3 Bxd4 18. Bxd4 Qxd4 19. Rad1 Qc4 20. Rfe1 c5 21. Re4 Qa6 22. Qxc5 Bb7 23. Ra4 Qc6 24. Qxc6 Bxc6 25. Ra6 Rfc8 26. f4 Rab8 27. Rd2 Rc7 28. Kf2 Kf8 29. Ke3 Ke7 30. Ra5 Bd7 31. Ke4 1/2-1/2

[Event "SVK Extraliga 2019-20"]
[Site "Slovakia"]
[Date "2019.11.23"]
[Round "3.1"]
[White "Sahidi, Samir"]
[Black "Cvek, Robert"]
[Result "1/2-1/2"]
[ECO "A46"]
[WhiteElo "2374"]
[BlackElo "2514"]
[Annotator "ChessBase"]
[PlyCount "30"]
[EventDate "2019.10.19"]
[EventType "team-tourn"]
[EventCountry "SVK"]
[SourceTitle "playchess.com"]
[Source "ChessBase"]
[SourceQuality "1"]
[WhiteTeam "KSN"]
[BlackTeam "Liptovska"]
[TimeControl "40/5400+30:1800+30"]

1. d4 Nf6 2. Nf3 e6 3. g3 c5 4. Bg2 d5 5. O-O Nc6 6. b3 Be7 7. Bb2 O-O 8. Nbd2 cxd4 9. Nxd4 Nxd4 10. Bxd4 b6 11. c4 Bb7 12. Rc1 Rc8 13. cxd5 Rxc1 14. Qxc1 Bxd5 15. Qb2 Bxg2 1/2-1/2

[Event "SVK Extraliga 2019-20"]
[Site "Slovakia"]
[Date "2019.11.23"]
[Round "3.2"]
[White "Michalik, Peter"]
[Black "Mihok, Oliver"]
[Result "1/2-1/2"]
[ECO "B47"]
[WhiteElo "2592"]
[BlackElo "2559"]
[Annotator "ChessBase"]
[PlyCount "52"]
[EventDate "2019.10.19"]
[EventType "team-tourn"]
[EventCountry "SVK"]
[SourceTitle "playchess.com"]
[Source "ChessBase"]
[SourceQuality "1"]
[WhiteTeam "Modra"]
[BlackTeam "Podhajska"]
[TimeControl "40/5400+30:1800+30"]

1. e4 c5 2. Nf3 e6 3. d4 cxd4 4. Nxd4 Nc6 5. Nc3 Qc7 6. Qd3 Nf6 7. Ndb5 Qb8 8. f4 a6 9. Nd4 d6 10. Be3 Be7 11. O-O-O O-O 12. Kb1 Nxd4 13. Bxd4 e5 14. Bb6 exf4 15. Be2 Be6 16. Qf3 Nd7 17. Bd4 Bf6 18. Bxf6 Nxf6 19. Qxf4 Rc8 20. Qxd6 Qxd6 21. Rxd6 Rxc3 22. bxc3 Nxe4 23. Rd4 Nxc3+ 24. Kb2 Nxe2 25. Re4 Bxa2 26. Rxe2 Be6 1/2-1/2

[Event "SVK Extraliga 2019-20"]
[Site "Slovakia"]
[Date "2019.11.23"]
[Round "3.2"]
[White "Plat, Vojtech"]
[Black "Rigo, Zsolt"]
[Result "1-0"]
[ECO "D38"]
[WhiteElo "2570"]
[BlackElo "2396"]
[Annotator "ChessBase"]
[PlyCount "81"]
[EventDate "2019.10.19"]
[EventType "team-tourn"]
[EventCountry "SVK"]
[SourceTitle "playchess.com"]
[Source "ChessBase"]
[SourceQuality "1"]
[WhiteTeam "Dubnica"]
[BlackTeam "Streda"]
[TimeControl "40/5400+30:1800+30"]

1. d4 Nf6 2. c4 e6 3. Nc3 Bb4 4. Qc2 d5 5. Nf3 dxc4 6. Bg5 b5 7. a4 c6 8. Nd2 Qb6 9. Bxf6 gxf6 10. g3 Bb7 11. Bg2 Nd7 12. O-O O-O 13. Qe4 a6 14. Qh4 Rfd8 15. Rfd1 Bf8 16. Qf4 Bg7 17. Nde4 f5 18. Ng5 Nf8 19. e4 h6 20. Nf3 b4 21. a5 Qa7 22. Ne2 Ng6 23. Qc1 fxe4 24. Nd2 c3 25. bxc3 bxc3 26. Nxe4 c5 27. Rb1 Bxe4 28. Bxe4 cxd4 29. Qc2 Ne5 30. Nxd4 Rac8 31. Rb6 Nc4 32. Nc6 Rxd1+ 33. Qxd1 Qc7 34. Rxa6 Nb2 35. Qf3 Qd6 36. Ra7 Rf8 37. Bc2 Kh8 38. Ne7 Qd4 39. Ra8 Qd2 40. Rxf8+ Bxf8 41. Qxf7 1-0

[Event "SVK Extraliga 2019-20"]
[Site "Slovakia"]
[Date "2019.11.23"]
[Round "3.2"]
[White "Zilka, Stepan"]
[Black "Malinovsky, Karel"]
[Result "1-0"]
[ECO "C20"]
[WhiteElo "2551"]
[BlackElo "2472"]
[Annotator "ChessBase"]
[PlyCount "66"]
[EventDate "2019.10.19"]
[EventType "team-tourn"]
[EventCountry "SVK"]
[SourceTitle "playchess.com"]
[Source "ChessBase"]
[SourceQuality "1"]
[WhiteTeam "Prakovce"]
[BlackTeam "Slovan"]
[TimeControl "40/5400+30:1800+30"]

1. e4 e5 2. Nf3 Nc6 3. d4 exd4 4. Nxd4 Bc5 5. Nxc6 bxc6 6. Bd3 d6 7. Nc3 Qh4 8. Qf3 Nh6 9. Be3 Bxe3 10. Qxe3 Ng4 11. Qg3 Qf6 12. f4 g5 13. fxg5 Qxg5 14. h3 Qe5 15. Qf3 Nf6 16. O-O Ke7 17. Rae1 Be6 18. Nd5+ cxd5 19. exd5 Qd4+ 20. Kh1 Raf8 21. c3 Qxd5 22. Qxf6+ Kd7 23. Be4 Qxa2 24. b4 Rhg8 25. Rf2 Qc4 26. Bxh7 Bd5 27. Re7+ Kc8 28. Bxg8 Rxg8 29. Kh2 Qd3 30. g4 Qd1 31. Rf1 Qd2+ 32. Qf2 Qh6 33. Qxa7 Bb7 1-0

[Event "SVK Extraliga 2019-20"]
[Site "Slovakia"]
[Date "2019.11.23"]
[Round "3.2"]
[White "Mazur, Stefan"]
[Black "Macko, Miroslav"]
[Result "1-0"]
[ECO "C47"]
[WhiteElo "2457"]
[BlackElo "2303"]
[Annotator "ChessBase"]
[PlyCount "53"]
[EventDate "2019.10.19"]
[EventType "team-tourn"]
[EventCountry "SVK"]
[SourceTitle "playchess.com"]
[Source "ChessBase"]
[SourceQuality "1"]
[WhiteTeam "Liptovska"]
[BlackTeam "KSN"]
[TimeControl "40/5400+30:1800+30"]

1. e4 e5 2. Nf3 Nf6 3. Nc3 Nc6 4. Bb5 Bb4 5. O-O O-O 6. d3 d6 7. Ne2 Bg4 8. Bxc6 bxc6 9. Ng3 Nh5 10. h3 Nxg3 11. fxg3 Be6 12. Be3 f6 13. c3 Bc5 14. Bxc5 dxc5 15. d4 cxd4 16. cxd4 Qb8 17. Rc1 Qb6 18. Qa4 Bd7 19. Kh2 exd4 20. e5 Kh8 21. exf6 Rxf6 22. Ne5 Rxf1 23. Rxf1 Be6 24. Qa3 c5 25. Qf3 Rg8 26. Qe4 Qd6 27. Ng6+ 1-0

[Event "SVK Extraliga 2019-20"]
[Site "Slovakia"]
[Date "2019.11.23"]
[Round "3.3"]
[White "Bagi, Mate"]
[Black "Motuz, Karol"]
[Result "1-0"]
[ECO "C11"]
[WhiteElo "2461"]
[BlackElo "2365"]
[Annotator "ChessBase"]
[PlyCount "102"]
[EventDate "2019.10.19"]
[EventType "team-tourn"]
[EventCountry "SVK"]
[SourceTitle "playchess.com"]
[Source "ChessBase"]
[SourceQuality "1"]
[WhiteTeam "Streda"]
[BlackTeam "Dubnica"]
[TimeControl "40/5400+30:1800+30"]

1. e4 e6 2. d4 d5 3. Nc3 Nf6 4. e5 Nfd7 5. f4 c5 6. Nf3 Nc6 7. Be3 Be7 8. Qd2 a6 9. Bd3 O-O 10. dxc5 Nxc5 11. O-O-O b5 12. Bxc5 Bxc5 13. Bxh7+ Kh8 14. Bd3 f6 15. Nh4 Kg8 16. Ng6 fxe5 17. Nxf8 Qxf8 18. fxe5 Nxe5 19. Qg5 Qf6 20. Qh5 g6 21. Qe2 Bd7 22. Rdf1 Qg5+ 23. Kb1 b4 24. h4 Qe3 25. Nd1 Qxe2 26. Bxe2 a5 27. Nf2 Kg7 28. Ng4 Nxg4 29. Bxg4 Re8 30. h5 Re7 31. Rh3 Bb5 32. Rd1 Bc6 33. Bf3 g5 34. Rhh1 Kh6 35. Rhe1 Bf2 36. Re2 Bg3 37. Bxd5 Bxd5 38. Rxd5 Kxh5 39. Rxa5 e5 40. a4 e4 41. Rb5 e3 42. Rxb4 Bf2 43. Rd4 g4 44. Rf4 Kh4 45. Rfxf2 exf2 46. Rxf2 Kg3 47. Rd2 Kh2 48. b4 g3 49. a5 Re1+ 50. Kb2 Rd1 51. Rxd1 Kxg2 1-0

[Event "SVK Extraliga 2019-20"]
[Site "Slovakia"]
[Date "2019.11.23"]
[Round "3.3"]
[White "Pacher, Milan"]
[Black "Manik, Mikulas"]
[Result "1/2-1/2"]
[ECO "E62"]
[WhiteElo "2442"]
[BlackElo "2377"]
[Annotator "NA"]
[PlyCount "44"]
[EventDate "2019.10.19"]
[EventType "team-tourn"]
[EventCountry "SVK"]
[SourceTitle "playchess.com"]
[Source "ChessBase"]
[SourceQuality "1"]
[WhiteTeam "Slovan"]
[BlackTeam "Prakovce"]
[TimeControl "40/5400+30:1800+30"]

1. d4 Nf6 2. c4 g6 3. g3 Bg7 4. Bg2 O-O 5. Nf3 d6 6. O-O Nc6 7. Nc3 e5 8. dxe5 Nxe5 9. Nxe5 dxe5 10. Qxd8 Rxd8 11. Bg5 Rd4 12. Nd5 Nxd5 13. cxd5 e4 14. Rfd1 Bf5 15. h3 h5 16. Bf4 c6 17. dxc6 bxc6 18. Rxd4 Bxd4 19. Rc1 Bxb2 20. Rxc6 Rc8 21. Bxe4 Rxc6 22. Bxc6 Bxh3 1/2-1/2

[Event "SVK Extraliga 2019-20"]
[Site "Slovakia"]
[Date "2019.11.23"]
[Round "3.3"]
[White "Horvath, Jozsef"]
[Black "Vykouk, Jan"]
[Result "1/2-1/2"]
[ECO "A38"]
[WhiteElo "2437"]
[BlackElo "2433"]
[Annotator "NA"]
[PlyCount "86"]
[EventDate "2019.10.19"]
[EventType "team-tourn"]
[EventCountry "SVK"]
[SourceTitle "playchess.com"]
[Source "ChessBase"]
[SourceQuality "1"]
[WhiteTeam "Podhajska"]
[BlackTeam "Modra"]
[TimeControl "40/5400+30:1800+30"]

1. Nf3 Nf6 2. g3 g6 3. b3 Bg7 4. Bb2 c5 5. c4 d6 6. Bg2 e5 7. d3 Nc6 8. Nc3 O-O 9. O-O Be6 10. a3 h6 11. Nd2 d5 12. cxd5 Nxd5 13. Rc1 b6 14. b4 Nxc3 15. Rxc3 Bd5 16. bxc5 Bxg2 17. Kxg2 Nd4 18. e3 Qd5+ 19. Kg1 Qa2 20. Nc4 b5 21. exd4 bxc4 22. Qa1 Qxa1 23. Bxa1 cxd3 24. Rxd3 Rfd8 25. Rfd1 e4 26. Rb3 Rac8 27. Kg2 Rxc5 28. dxc5 Rxd1 29. c6 Rc1 30. Bc3 Bxc3 31. Rb8+ Kg7 32. c7 Bb2 33. c8=Q Rxc8 34. Rxc8 Bxa3 35. Rc4 f5 36. Rc7+ Kf6 37. Rxa7 Bc5 38. Ra6+ Kf7 39. Rc6 Bd4 40. h3 h5 41. g4 hxg4 42. hxg4 Be5 43. Ra6 Bf4 1/2-1/2

[Event "SVK Extraliga 2019-20"]
[Site "Slovakia"]
[Date "2019.11.23"]
[Round "3.3"]
[White "Rohacek, Miroslav"]
[Black "Miesbauer, Jan"]
[Result "0-1"]
[ECO "A45"]
[WhiteElo "2222"]
[BlackElo "2382"]
[Annotator "NA"]
[PlyCount "66"]
[EventDate "2019.10.19"]
[EventType "team-tourn"]
[EventCountry "SVK"]
[SourceTitle "playchess.com"]
[Source "ChessBase"]
[SourceQuality "1"]
[WhiteTeam "KSN"]
[BlackTeam "Liptovska"]
[TimeControl "40/5400+30:1800+30"]

1. d4 Nf6 2. Nf3 g6 3. g3 Bg7 4. Bg2 O-O 5. O-O d6 6. b3 e5 7. dxe5 dxe5 8. Bb2 e4 9. Ng5 Qe7 10. Nc3 Rd8 11. Qc1 Bf5 12. g4 Bxg4 13. Ngxe4 Nc6 14. Qf4 Nxe4 15. Bxe4 Be6 16. Bxc6 bxc6 17. Na4 Bxb2 18. Nxb2 Rd5 19. e4 Rg5+ 20. Kh1 Rg4 21. Qd2 Rxe4 22. f3 Bd5 23. Rf2 Re3 24. Raf1 Rd8 25. Nd3 c5 26. Qc3 Qg5 27. Qa5 c4 28. Rg2 Qf6 29. bxc4 Rxf3 30. Rfg1 Ba8 31. Qxc7 Re8 32. Nb4 Rf1 33. Nd5 Rxg1+ 0-1

[Event "SVK Extraliga 2019-20"]
[Site "Slovakia"]
[Date "2019.11.23"]
[Round "3.4"]
[White "Stohl, Igor"]
[Black "Chovan, Milan"]
[Result "1/2-1/2"]
[ECO "E62"]
[WhiteElo "2490"]
[BlackElo "2318"]
[Annotator "ChessBase"]
[PlyCount "65"]
[EventDate "2019.10.19"]
[EventType "team-tourn"]
[EventCountry "SVK"]
[SourceTitle "playchess.com"]
[Source "ChessBase"]
[SourceQuality "1"]
[WhiteTeam "Modra"]
[BlackTeam "Podhajska"]
[TimeControl "40/5400+30:1800+30"]

1. d4 Nf6 2. c4 g6 3. g3 Bg7 4. Bg2 O-O 5. Nc3 d6 6. Nf3 Nc6 7. O-O e5 8. dxe5 dxe5 9. Bg5 Be6 10. Qc1 Qe8 11. Rd1 Rd8 12. Rxd8 Qxd8 13. Ne4 Bf5 14. Nfd2 Nd4 15. Qd1 Bg4 16. f3 Bc8 17. Nb3 Bf5 18. e3 Nxb3 19. Qxd8 Rxd8 20. Nxf6+ Bxf6 21. Bxf6 Rd6 22. axb3 Rxf6 23. e4 Bd7 24. Rxa7 Rb6 25. Ra8+ Kg7 26. Rd8 Be6 27. Rd3 Rb4 28. Rc3 c6 29. Bf1 b5 30. Kf2 bxc4 31. Bxc4 Bxc4 32. Rxc4 Rxb3 33. Rxc6 1/2-1/2

[Event "SVK Extraliga 2019-20"]
[Site "Slovakia"]
[Date "2019.11.23"]
[Round "3.4"]
[White "Piesik, Piotr"]
[Black "Czebe, Attila"]
[Result "1-0"]
[ECO "A41"]
[WhiteElo "2403"]
[BlackElo "2358"]
[Annotator "NA"]
[PlyCount "103"]
[EventDate "2019.10.19"]
[EventType "team-tourn"]
[EventCountry "SVK"]
[SourceTitle "playchess.com"]
[Source "ChessBase"]
[SourceQuality "1"]
[WhiteTeam "Dubnica"]
[BlackTeam "Streda"]
[TimeControl "40/5400+30:1800+30"]

1. d4 d6 2. Nf3 g6 3. g3 Bg7 4. Bg2 e5 5. e4 Nd7 6. dxe5 dxe5 7. O-O Ngf6 8. Qe2 O-O 9. Rd1 Re8 10. b3 c6 11. a4 Qc7 12. a5 Nc5 13. Nbd2 Bg4 14. Bb2 Rad8 15. Qe3 Bf8 16. b4 Ncd7 17. Bc3 a6 18. Bf1 c5 19. b5 c4 20. b6 Qc6 21. h3 Bc5 22. Qe2 Bh5 23. Re1 Bd4 24. Bxd4 exd4 25. Qxc4 Qxc4 26. Bxc4 Bxf3 27. Nxf3 Ne5 28. Nxe5 Rxe5 29. Bd3 g5 30. f3 Kf8 31. Reb1 h5 32. Rb4 h4 33. gxh4 gxh4 34. f4 Re7 35. Raa4 Nxe4 36. Rxd4 Rxd4 37. Rxd4 Nc5 38. Kf2 Re6 39. Bc4 Rc6 40. Bd5 Rd6 41. Ke3 f5 42. Bc4 Rg6 43. Rd5 Rg3+ 44. Kd4 Ne6+ 45. Ke5 Ke7 46. Rd3 Nc5 47. Rxg3 hxg3 48. Bf1 Ne4 49. Bg2 Nd6 50. Kd4 Kd7 51. h4 Ke7 52. c4 1-0

[Event "SVK Extraliga 2019-20"]
[Site "Slovakia"]
[Date "2019.11.23"]
[Round "3.4"]
[White "Neuman, Petr"]
[Black "Kralovic, Andrej"]
[Result "1-0"]
[ECO "A50"]
[WhiteElo "2371"]
[BlackElo "2222"]
[Annotator "NA"]
[PlyCount "69"]
[EventDate "2019.10.19"]
[EventType "team-tourn"]
[EventCountry "SVK"]
[SourceTitle "playchess.com"]
[Source "ChessBase"]
[SourceQuality "1"]
[WhiteTeam "Liptovska"]
[BlackTeam "KSN"]
[TimeControl "40/5400+30:1800+30"]

1. d4 Nf6 2. c4 c6 3. Nc3 d5 4. e3 a6 5. Qc2 g6 6. Bd3 Bg7 7. Nf3 O-O 8. O-O Nbd7 9. cxd5 cxd5 10. Bd2 b6 11. Rfc1 Bb7 12. Be1 Rc8 13. Qe2 b5 14. a3 Re8 15. Na2 Ne4 16. a4 bxa4 17. Bxa6 Qb6 18. Bb5 Red8 19. Rxc8 Bxc8 20. Nc3 Nd6 21. Bd3 Qc6 22. Nxa4 e5 23. Qc2 Qa8 24. Qc7 Re8 25. Qxd6 Bf8 26. Qc7 e4 27. Bb5 exf3 28. Bxd7 Bxd7 29. Qxd7 fxg2 30. Kxg2 Re7 31. Qg4 Re4 32. Qe2 Qc8 33. f3 Re6 34. Nc3 Rc6 35. Bg3 1-0

[Event "SVK Extraliga 2019-20"]
[Site "Slovakia"]
[Date "2019.11.23"]
[Round "3.4"]
[White "Szustakowski, Antoni"]
[Black "Kostolansky, Sebastian Lukas"]
[Result "1-0"]
[ECO "E73"]
[WhiteElo "2287"]
[BlackElo "2420"]
[Annotator "NA"]
[PlyCount "107"]
[EventDate "2019.10.19"]
[EventType "team-tourn"]
[EventCountry "SVK"]
[SourceTitle "playchess.com"]
[Source "ChessBase"]
[SourceQuality "1"]
[WhiteTeam "Prakovce"]
[BlackTeam "Slovan"]
[TimeControl "40/5400+30:1800+30"]

1. d4 Nf6 2. c4 g6 3. Nc3 Bg7 4. e4 d6 5. Be2 O-O 6. Bg5 Nc6 7. d5 Nb4 8. Nf3 e6 9. O-O exd5 10. exd5 h6 11. Be3 Re8 12. h3 c5 13. dxc6 bxc6 14. Qd2 Kh7 15. a3 Na6 16. Rad1 Bf8 17. b4 Bb7 18. Bf4 d5 19. cxd5 cxd5 20. Bb5 Ne4 21. Nxe4 Rxe4 22. Bd3 Re7 23. Be5 Bg7 24. Bxg7 Kxg7 25. Qb2+ Kg8 26. Nd4 Nc7 27. a4 Qd6 28. a5 Qf6 29. Qa1 a6 30. Nf5 Qxa1 31. Nxe7+ Kf8 32. Nxg6+ fxg6 33. Rxa1 Ke7 34. f4 Rg8 35. Rac1 Kd6 36. Rfd1 Ne6 37. g3 Rg7 38. Kf2 Rg8 39. Be2 g5 40. f5 Rf8 41. Bd3 Ng7 42. Kg1 Nh5 43. Re1 Rf6 44. Kh2 Ng7 45. g4 h5 46. b5 axb5 47. Bxb5 hxg4 48. hxg4 d4 49. a6 Bd5 50. Rc8 Rf7 51. Rd8+ Kc5 52. Re5 Kxb5 53. Rexd5+ Kxa6 54. R8d6+ 1-0

[Event "SVK Extraliga 2019-20"]
[Site "Slovakia"]
[Date "2019.11.23"]
[Round "3.5"]
[White "Bures, Jaroslav"]
[Black "Mikrut, Dariusz"]
[Result "1/2-1/2"]
[ECO "E91"]
[WhiteElo "2385"]
[BlackElo "2382"]
[Annotator "NA"]
[PlyCount "52"]
[EventDate "2019.10.19"]
[EventType "team-tourn"]
[EventCountry "SVK"]
[SourceTitle "playchess.com"]
[Source "ChessBase"]
[SourceQuality "1"]
[WhiteTeam "Slovan"]
[BlackTeam "Prakovce"]
[TimeControl "40/5400+30:1800+30"]

1. d4 Nf6 2. c4 g6 3. Nc3 Bg7 4. e4 d6 5. Nf3 O-O 6. Be2 Nbd7 7. O-O e5 8. Be3 h6 9. dxe5 dxe5 10. h3 c6 11. Qd2 Kh7 12. Nh2 Qe7 13. Ng4 Nxg4 14. hxg4 Nc5 15. g3 Ne6 16. Kg2 Rd8 17. Qc1 g5 18. Rh1 Kg8 19. f3 Nd4 20. Bd1 Be6 21. Ne2 b5 22. c5 b4 23. Nxd4 exd4 24. Bd2 a5 25. f4 f6 26. Bf3 Qd7 1/2-1/2

[Event "SVK Extraliga 2019-20"]
[Site "Slovakia"]
[Date "2019.11.23"]
[Round "3.5"]
[White "Csonka, Attila Istvan"]
[Black "Vojtek, Vladimir"]
[Result "1-0"]
[ECO "C51"]
[WhiteElo "2355"]
[BlackElo "2278"]
[Annotator "NA"]
[PlyCount "113"]
[EventDate "2019.10.19"]
[EventType "team-tourn"]
[EventCountry "SVK"]
[SourceTitle "playchess.com"]
[Source "ChessBase"]
[SourceQuality "1"]
[WhiteTeam "Streda"]
[BlackTeam "Dubnica"]
[TimeControl "40/5400+30:1800+30"]

1. e4 e5 2. Nf3 Nc6 3. Bc4 Bc5 4. b4 Bxb4 5. c3 Be7 6. d4 d6 7. Qb3 Na5 8. Bxf7+ Kf8 9. Qa4 Kxf7 10. Qxa5 b6 11. Qa4 Bg4 12. Nbd2 Bf6 13. h3 Bd7 14. Qc2 Ne7 15. Nc4 Ng6 16. h4 Re8 17. Ng5+ Bxg5 18. Bxg5 Qc8 19. Qb3 Be6 20. h5 Nf4 21. Bxf4 exf4 22. O-O-O Qa6 23. d5 Bd7 24. Rd4 Kg8 25. f3 h6 26. Nb2 Qe2 27. Rd2 Qb5 28. Nd3 Rf8 29. Rh4 a5 30. Qxb5 Bxb5 31. Nxf4 Bd7 32. Ng6 Rfe8 33. Rf4 b5 34. Re2 b4 35. c4 a4 36. e5 dxe5 37. Rxe5 Rxe5 38. Nxe5 Be8 39. c5 Ra5 40. Nd3 b3 41. axb3 axb3 42. Rb4 Bxh5 43. Kb2 Bf7 44. Rd4 Ra2+ 45. Kxb3 Rxg2 46. Kc3 Rg3 47. Ne5 Be8 48. Rf4 g5 49. Rf6 h5 50. Kd4 Rg1 51. Ra6 g4 52. fxg4 hxg4 53. Ra8 Kf8 54. d6 cxd6 55. cxd6 Rd1+ 56. Kc5 g3 57. d7 1-0

[Event "SVK Extraliga 2019-20"]
[Site "Slovakia"]
[Date "2019.11.23"]
[Round "3.5"]
[White "Jakab, Bela"]
[Black "Jablonicky, Martin"]
[Result "0-1"]
[ECO "A39"]
[WhiteElo "2244"]
[BlackElo "2250"]
[Annotator "NA"]
[PlyCount "102"]
[EventDate "2019.10.19"]
[EventType "team-tourn"]
[EventCountry "SVK"]
[SourceTitle "playchess.com"]
[Source "ChessBase"]
[SourceQuality "1"]
[WhiteTeam "Podhajska"]
[BlackTeam "Modra"]
[TimeControl "40/5400+30:1800+30"]

1. d4 Nf6 2. c4 g6 3. Nc3 Bg7 4. Nf3 O-O 5. g3 c5 6. Bg2 cxd4 7. Nxd4 Nc6 8. O-O Ng4 9. Nc2 Na5 10. c5 Nc6 11. e4 Nf6 12. Qe2 b6 13. Rd1 Bb7 14. cxb6 axb6 15. Be3 Ba6 16. Qd2 Ne5 17. b3 Rc8 18. Nb4 Bb7 19. Nbd5 Nxd5 20. Nxd5 Bxd5 21. Qxd5 Ng4 22. Bd4 e5 23. Bb2 Rc2 24. Rd2 Qc7 25. Re1 Bh6 26. Rde2 Bc1 27. Qd1 Rxb2 28. Rxb2 Bxb2 29. Qxg4 Bd4 30. Bf1 f5 31. exf5 Rxf5 32. Bc4+ Kg7 33. Re2 Qc5 34. Bd3 h5 35. Qh4 Rf6 36. Kg2 Bxf2 37. Qe4 Bd4 38. Rc2 Qf8 39. Rc7 Rf2+ 40. Kh3 Qd6 41. Rc8 Qe6+ 42. g4 Rf4 43. Qe2 Rxg4 44. Bc4 d5 45. Rc7+ Kh6 46. Bxd5 Rh4+ 47. Kg2 Qxd5+ 48. Kg3 Rg4+ 49. Kh3 Qe6 50. Qc4 Rg3+ 51. Kxg3 Qg4# 0-1

[Event "SVK Extraliga 2019-20"]
[Site "Slovakia"]
[Date "2019.11.23"]
[Round "3.5"]
[White "Lintner, Igor"]
[Black "Hausner, Ivan"]
[Result "0-1"]
[ECO "A45"]
[WhiteElo "2187"]
[BlackElo "2374"]
[Annotator "NA"]
[PlyCount "62"]
[EventDate "2019.10.19"]
[EventType "team-tourn"]
[EventCountry "SVK"]
[SourceTitle "playchess.com"]
[Source "ChessBase"]
[SourceQuality "1"]
[WhiteTeam "KSN"]
[BlackTeam "Liptovska"]
[TimeControl "40/5400+30:1800+30"]

1. d4 Nf6 2. Nc3 d5 3. Bf4 e6 4. e3 Bd6 5. Bg3 Nbd7 6. Nf3 Bxg3 7. hxg3 c6 8. Bd3 Qe7 9. Ne5 Nxe5 10. dxe5 Nd7 11. Qg4 g6 12. f4 Nc5 13. O-O-O h5 14. Qf3 Rg8 15. g4 hxg4 16. Qxg4 Bd7 17. Rh7 O-O-O 18. Rdh1 g5 19. Qh5 gxf4 20. Rxf7 Nxd3+ 21. cxd3 Qc5 22. d4 Qb6 23. Qf3 fxe3 24. Rd1 c5 25. Kb1 cxd4 26. Ne2 Be8 27. Nxd4 Bxf7 28. Qxf7 Rxg2 29. b3 Kb8 30. Nxe6 Rc8 31. Nf8 Qc6 0-1

[Event "SVK Extraliga 2019-20"]
[Site "Slovakia"]
[Date "2019.11.23"]
[Round "3.6"]
[White "Zpevak, Pavel"]
[Black "Csiba, Dominik"]
[Result "1-0"]
[ECO "A59"]
[WhiteElo "2341"]
[BlackElo "2360"]
[Annotator "NA"]
[PlyCount "86"]
[EventDate "2019.10.19"]
[EventType "team-tourn"]
[EventCountry "SVK"]
[SourceTitle "playchess.com"]
[Source "ChessBase"]
[SourceQuality "1"]
[WhiteTeam "Dubnica"]
[BlackTeam "Streda"]
[TimeControl "40/5400+30:1800+30"]

1. d4 Nf6 2. c4 c5 3. d5 b5 4. cxb5 a6 5. bxa6 g6 6. Nc3 Bxa6 7. Nf3 Bg7 8. e4 Bxf1 9. Kxf1 d6 10. g3 O-O 11. Kg2 Nbd7 12. Qe2 Qa5 13. h3 Rfb8 14. Rd1 Ne8 15. Bg5 Rb7 16. Rac1 Bxc3 17. bxc3 f6 18. Bh6 Qxa2 19. Qe1 Rab8 20. h4 Kf7 21. Qe3 Rb2 22. Ra1 Qc4 23. Nd2 Qb5 24. Rdb1 Rb6 25. Qf4 Rxb1 26. Rxb1 Qd3 27. Rxb6 Nxb6 28. Qf3 Qc2 29. h5 Nc7 30. Bf4 Nb5 31. hxg6+ hxg6 32. Qg4 Qxc3 33. Qe6+ Ke8 34. Qg8+ Kd7 35. Qe6+ Kd8 36. Qg8+ Kc7 37. Qe8 Nd7 38. Qxe7 g5 39. Be3 Nd4 40. e5 Nf5 41. exd6+ Kb6 42. Qd8+ Ka6 43. Qc8+ Ka5 1-0

[Event "SVK Extraliga 2019-20"]
[Site "Slovakia"]
[Date "2019.11.23"]
[Round "3.6"]
[White "Schwarz, Dusan"]
[Black "Likavsky, Tomas"]
[Result "0-1"]
[ECO "E90"]
[WhiteElo "2315"]
[BlackElo "2423"]
[Annotator "NA"]
[PlyCount "60"]
[EventDate "2019.10.19"]
[EventType "team-tourn"]
[EventCountry "SVK"]
[SourceTitle "playchess.com"]
[Source "ChessBase"]
[SourceQuality "1"]
[WhiteTeam "Modra"]
[BlackTeam "Podhajska"]
[TimeControl "40/5400+30:1800+30"]

1. d4 Nf6 2. c4 g6 3. Nc3 Bg7 4. e4 d6 5. Nf3 O-O 6. h3 e5 7. d5 a5 8. Be3 Na6 9. g4 Nc5 10. Nd2 c6 11. Be2 a4 12. a3 Qa5 13. h4 Nfxe4 14. Ncxe4 Nxe4 15. Bf3 cxd5 16. cxd5 Nxd2 17. Bxd2 Qd8 18. h5 e4 19. Be2 Bxb2 20. Rb1 Bxa3 21. Bc3 Bc5 22. Qc1 e3 23. f4 a3 24. Rb5 Ra4 25. f5 Qg5 26. Qa1 gxf5 27. gxf5 Bxf5 28. Bf6 Qg3+ 29. Kd1 Qg2 30. Re1 Qxd5+ 0-1

[Event "SVK Extraliga 2019-20"]
[Site "Slovakia"]
[Date "2019.11.23"]
[Round "3.6"]
[White "Haring, Filip"]
[Black "Bochnicka, Vladimir"]
[Result "1-0"]
[ECO "B00"]
[WhiteElo "2298"]
[BlackElo "2087"]
[Annotator "NA"]
[PlyCount "61"]
[EventDate "2019.10.19"]
[EventType "team-tourn"]
[EventCountry "SVK"]
[SourceTitle "playchess.com"]
[Source "ChessBase"]
[SourceQuality "1"]
[WhiteTeam "Liptovska"]
[BlackTeam "KSN"]
[TimeControl "40/5400+30:1800+30"]

1. e4 c5 2. Nf3 d6 3. Nc3 Nf6 4. d4 cxd4 5. Nxd4 a6 6. h3 e6 7. g4 b5 8. Bg2 Bb7 9. g5 Nfd7 10. f4 Be7 11. h4 Nc6 12. Be3 O-O 13. h5 Nxd4 14. Qxd4 e5 15. Qd2 exf4 16. Bxf4 Ne5 17. b3 Rc8 18. Ne2 f5 19. gxf6 Bxf6 20. O-O-O Qc7 21. Rh3 Qc5 22. Kb1 a5 23. Be3 Qc7 24. Nd4 Qd7 25. Rg3 Bh4 26. Bh3 Qe7 27. Bxc8 Bxg3 28. Nf5 Rxf5 29. Bxf5 g6 30. hxg6 hxg6 31. Qg2 1-0

[Event "SVK Extraliga 2019-20"]
[Site "Slovakia"]
[Date "2019.11.23"]
[Round "3.6"]
[White "Zambor, Norbert"]
[Black "Briestensky, Rastislav"]
[Result "1/2-1/2"]
[ECO "B07"]
[WhiteElo "2288"]
[BlackElo "2352"]
[Annotator "NA"]
[PlyCount "69"]
[EventDate "2019.10.19"]
[EventType "team-tourn"]
[EventCountry "SVK"]
[SourceTitle "playchess.com"]
[Source "ChessBase"]
[SourceQuality "1"]
[WhiteTeam "Prakovce"]
[BlackTeam "Slovan"]
[TimeControl "40/5400+30:1800+30"]

1. e4 d6 2. d4 Nf6 3. Nc3 c6 4. Nf3 g6 5. h3 Bg7 6. Be3 Qa5 7. Bd3 e5 8. dxe5 dxe5 9. O-O O-O 10. Qc1 Nbd7 11. Bh6 Re8 12. Bxg7 Kxg7 13. Re1 Nc5 14. Bf1 b5 15. a3 Qc7 16. Qe3 Ne6 17. a4 b4 18. Nd1 c5 19. c3 Bb7 20. Nd2 Rad8 21. f3 Bc6 22. Nc4 Nd7 23. Nf2 Rb8 24. Red1 bxc3 25. bxc3 Red8 26. Ng4 g5 27. Nd6 Ndf8 28. Nf5+ Kh8 29. Bc4 Rxd1+ 30. Rxd1 Bxa4 31. Ra1 Bb3 32. Bd5 Rb6 33. c4 Ng6 34. Rb1 Ba4 35. Rxb6 1/2-1/2